 Dungeon Crawl Stone Soup version 0.26-a0-710-g95a0c6c400 (webtiles) character file.

Game seed: 7285645694596368971

179 Ijustatesigmund the Sneak (level 5, -2/37 HPs)
             Began as an Octopode Monk on Oct 30, 2020.
             Slain by Ijyb
             ... wielding a +1 dagger of pain
              (3 damage)
             ... on level 4 of the Dungeon.
             The game lasted 00:03:45 (3619 turns).

Ijustatesigmund the Sneak (Octopode Monk)           Turns: 3619, Time: 00:03:46

Health: -2/37      AC:  1    Str: 17    XL:     5   Next: 59%
Magic:  5/5        EV: 15    Int: 13    God:
Gold:   99         SH:  0    Dex: 14    Spells: 4/4 levels left

rFire    . . .     SeeInvis .   a - +0 war axe
rCold    . . .     Faith    .   (no shield)
rNeg     . . .     Spirit   .   (helmet restricted)
rPois    .         Reflect  .   (no amulet)
rElec    .         Harm     .   j - +6 ring of strength
rCorr    .         Rampage  .   k - ring of protection from magic
MR       +....                  (no ring)
Stlth    ++++......             (no ring)
HPRegen  0.12/turn              (no ring)
MPRegen  0.09/turn              (no ring)
                                (no ring)
                                (no ring)

@: mighty
A: almost no armour, stealthy swim, amphibious, 8 rings, constrict 8, camouflage
1, gelatinous body 1
a: no special abilities


You were on level 4 of the Dungeon.
You visited 1 branch of the dungeon, and saw 4 of its levels.

You collected 99 gold pieces.

Inventory:

Hand Weapons
 a - a +0 war axe (weapon)
Jewellery
 j - a +6 ring of strength (left tentacle)
 k - a ring of protection from magic (right tentacle)
Scrolls
 g - 2 scrolls of identify
 i - a scroll of noise {unknown}
Potions
 c - a potion of magic
 e - 3 potions of flight
 f - 2 potions of curing


   Skills:
 + Level 3.9 Fighting
 + Level 4.0 Axes
 + Level 4.0 Dodging
 + Level 4.5 Stealth


You had 4 spell levels left.
You didn't know any spells.
Your spell library was empty.

Dungeon Overview and Level Annotations

Branches:
Dungeon (4/15)
 Temple: D:4-7

Altars:
Dithmenos
Makhleb
Nemelex Xobeh
Okawaru
Ru
Wu Jian
Yredelemnul
The Shining One

Annotations:
D:3 3 runed translucent doors, Grinder; paps's ghost, amateur GnTm
D:4 Ijyb


Innate Abilities, Weirdness & Mutations

You cannot wear most types of armour.
You are very stealthy in the water. (Stealth+)
You are amphibious.
You can wear up to eight rings at the same time.
You can use your tentacles to constrict eight enemies at once.
Your skin changes colour to match your surroundings (Stealth+).
Your rubbery body absorbs attacks. (AC +1, EV +1)


Message History

The orc priest calls down the wrath of Beogh upon you.
Beogh smites you!
* * * LOW HITPOINT WARNING * * *
Ijyb completely misses you.
You slash the orc priest!
You kill the orc priest!
Your Axes skill increases to level 4!
Your Dodging skill increases to level 4!
You hit Ijyb. You hit the orc. The orc hits you with a +0 mace.
* * * LOW HITPOINT WARNING * * *
Ijyb misses you.
You closely miss Ijyb. You grab Ijyb.
Ijyb is moderately wounded.
You closely miss the orc. You constrict Ijyb, but do no damage.
The orc closely misses you. Ijyb misses you.
You slash Ijyb!
Ijyb is severely wounded.
You barely miss the orc. You constrict Ijyb.
Ijyb hits you with a +1 dagger of pain.
You die...

#.######....#..........
#.....##.#...?.........
.............#.......###
#..#####................
...........[........(...
...###.#.#.##....$!.....
#......#.#.###..........
.................†......
.....#..........@o......
#.#.>...........g.(.....
#.##....................
#.##............#.....#.
................#......#
....#..................#
.... ....##..... ......#
.( .########.. .......
... .#


You could see Ijyb and an orc.

Vanquished Creatures
  A hound (D:2)
  An orc priest (D:4)
  An orc wizard (D:4)
  An adder (D:2)
  2 oozes (D:1)
  3 worms (D:2)
  2 dart slugs (D:1)
  2 leopard geckos
  5 orcs
  2 giant cockroaches
  7 goblins
  8 hobgoblins
  A ball python (D:3)
  11 bats
  A frilled lizard (D:2)
  7 kobolds
  3 rats
58 creatures vanquished.

Notes
Turn   | Place    | Note
-------+----------+-------------------------------------------
     0 | D:1      | Ijustatesigmund the Octopode Monk began the quest for the
                  | Orb.
     0 | D:1      | Reached XP level 1. HP: 16/16 MP: 1/1
    87 | D:1      | Reached XP level 2. HP: 13/21 MP: 2/2
   600 | D:1      | Reached XP level 3. HP: 24/26 MP: 3/3
  1281 | D:2      | Found a basalt altar of Yredelemnul.
  1354 | D:2      | Reached XP level 4. HP: 3/31 MP: 4/4
  3130 | D:3      | Found a shadowy altar of Dithmenos.
  3131 | D:3      | Found a sparkling altar of Nemelex Xobeh.
  3131 | D:3      | Found an iron altar of Okawaru.
  3132 | D:3      | Found a burning altar of Makhleb.
  3132 | D:3      | Found a sacrificial altar of Ru.
  3132 | D:3      | Found an ornate altar of the Wu Jian Council.
  3132 | D:3      | Found a glowing golden altar of the Shining One.
  3147 | D:3      | Reached XP level 5. HP: 13/37 MP: 5/5
  3442 | D:3      | Found a runed translucent gate.
  3443 | D:3      | Found a runed translucent gate.
  3444 | D:3      | Found a runed translucent gate.
  3444 | D:3      | Noticed paps's ghost (amateur GnTm)
  3537 | D:3      | Noticed Grinder
  3606 | D:4      | Noticed Ijyb
  3617 | D:4      | HP: 1/37 [orc/+0 mace (1)]
  3619 | D:4      | Slain by Ijyb

Illustrated notes

Levels and vault maps discovered:
D:1:      mrwooster_arrival_statue, layout_loops_ring, minmay_pentomino_p2
D:2:      layout_basic, glass_columns_b, grunt_ministairs_15,
          yredelemnul_altar_generic
D:3:      minmay_razor_zed, layout_loops_ring, grunt_temple_overflow_open,
          ebering_ghost_rock_garden, uniq_grinder
D:4:      layout_rooms, minmay_temple_entry_mist, minmay_misc_feat_doors,
          nicolae_gozag_cash_rules_everything_around_me, uniq_ijyb,
          uniq_eustachio, uniq_pikel, uniq_menkaure

Skill      XL: |  1  2  3  4  5 |
---------------+----------------+-----
Stealth        | 3 4 |  4.5
Axes           | 4 |  4.0
Dodging        | 4 |  4.0
Fighting       | |  3.9

Action                   |  1- 3 |  4- 6 || total
-------------------------+-------+-------++-------
Melee: Hand axe          |    59 |    62 ||   121
       Constrict         |    17 |    20 ||    37
       Tentacles         |    13 |    14 ||    27
       War axe           |       |     9 ||     9
  Use: Scroll            |       |     5 ||     5
       Potion            |       |     5 ||     5
 Stab: Sleeping          |     9 |     9 ||    18
Armor: Skin              |       |     3 ||     3
Dodge: Dodged            |    35 |    45 ||    80

Table legend: (Time is in decaauts)
 A = Elapsed time spent in this place.
 B = Non-inter-level travel time spent in this place.
 C = Inter-level travel time spent in this place.
 D = Time resting spent in this place.
 E = Time spent auto-exploring this place.
 F = Levels seen in this place.
 G = Mean time per level.
                   A        B        C        D        E       F      G
               +--------+--------+--------+--------+--------+-----+--------+
         Total |   3636 |   3567 |     69 |   1394 |   1773 |   4 |  909.0 |
       Dungeon |   3636 |   3567 |     69 |   1394 |   1773 |   4 |  909.0 |
               +--------+--------+--------+--------+--------+-----+--------+

Top non-repeatable levels by time:
     D:2: 1676 daAuts
     D:1: 1278 daAuts
     D:3: 637 daAuts
     D:4: 44 daAuts
